 Dungeon Crawl Stone Soup version 0.29-a0-472-ge5599a681e (webtiles) character file.

Game seed: 1936848014139950820

4 Zonian the Chiller (level 1, 0/13 HPs)
             Began as a Gnoll Ice Elementalist on May 22, 2022.
             Constricted to death by a ball python (1 damage)
             ... on level 1 of the Dungeon.
             The game lasted 00:00:12 (57 turns).

Zonian the Chiller (Gnoll Ice Elementalist)           Turns: 57, Time: 00:00:13

Health: 0/13       AC:  2    Str:  7    XL:     1   Next: 60%
Magic:  1/6        EV: 10    Int: 14    God:
Gold:   0          SH:  0    Dex: 12    Spells: 8/9 levels left

rFire   . . .      SeeInvis .   (no weapon)
rCold   . . .      Faith    .   (no shield)
rNeg    . . .      Spirit   .   a - +0 robe
rPois   .          Reflect  .   (no helmet)
rElec   .          Harm     .   (no cloak)
rCorr   .          Rampage  .   (no gloves)
Will    .....                   (no boots)
Stlth   ++........              (no amulet)
HPRegen 0.04/turn               (no ring)
MPRegen 0.10/turn               (no ring)

@: constricted
A: fangs 1, strong nose, distributed training
a: no special abilities


You were on level 1 of the Dungeon.
You visited 1 branch of the dungeon, and saw 1 of its levels.

Inventory:

Armour
 a - a +0 robe (worn)
Potions
 b - a potion of magic
 c - a potion of curing {unknown}


   Skills:
 + Level 0.1 Fighting
 + Level 0.1 Short Blades
 + Level 0.1 Long Blades
 + Level 0.1 Axes
 + Level 0.1 Maces & Flails
 + Level 0.1 Polearms
 + Level 0.1 Staves
 + Level 0.1 Slings
 + Level 0.1 Bows
 + Level 0.1 Crossbows
 + Level 0.1 Throwing
 + Level 0.1 Armour
 + Level 4.4 Dodging
 + Level 4.0 Stealth
 + Level 0.1 Shields
 + Level 0.1 Unarmed Combat
 + Level 4.9 Spellcasting
 + Level 0.1 Conjurations
 + Level 0.1 Hexes
 + Level 0.1 Summonings
 + Level 0.1 Necromancy
 + Level 0.1 Translocations
 + Level 0.1 Transmutations
 + Level 0.1 Fire Magic
 + Level 7.0 Ice Magic
 + Level 0.1 Air Magic
 + Level 0.1 Earth Magic
 + Level 0.1 Poison Magic
 + Level 0.2 Invocations
 + Level 0.1 Evocations


You had 8 spell levels left.
You knew the following spells:

 Your Spells              Type           Power      Damage    Failure   Level
a - Freeze                Ice            92%        1d10      1%          1

Your spell library contained the following spells:

 Spells                   Type           Power      Damage    Failure   Level
 Frozen Ramparts          Ice            46%        1d6       3%          3
 Ozocubu's Armour         Ice            23%        N/A       3%          3
 Hailstorm                Conj/Ice       13%        3d5       38%         4


Dungeon Overview and Level Annotations

Branches:
Dungeon (1/15)

Altars:


Innate Abilities, Weirdness & Mutations

You have very sharp teeth.
Your uncanny sense of smell can sniff out nearby items.
Your experience applies equally to all skills.


Message History

Unknown command.
The ball python closely misses you. The ball python misses you.
You are too injured to fight recklessly!
You are too injured to fight recklessly!
Unknown command.
Casting: Freeze (safe; 1% risk of failure)
Confirm with . or Enter, or press ? or * to list all spells.
Aiming: Freeze (safe; 1% risk of failure)
Press: ? - help, Shift-Dir - straight line, f - ball python
Aim: a ball python You freeze the ball python!
You kill the ball python!
The jackal barely misses you. The jackal bites you.
Unknown command.
You barely miss the jackal. You bite the jackal, but do no damage.
The jackal bites you but does no damage.
You hit the jackal but do no damage. The jackal misses you. x2
Unknown command.
Casting: Freeze (safe; 1% risk of failure)
Confirm with . or Enter, or press ? or * to list all spells.
Aiming: Freeze (safe; 1% risk of failure)
Press: ? - help, Shift-Dir - straight line, f - jackal
Aim: a jackal You freeze the jackal.
The jackal is severely wounded.
The ball python closely misses you. The ball python grabs you.
The ball python constricts you. The jackal bites you.
* * * LOW HITPOINT WARNING * * *
Unknown command.
Casting: Freeze (safe; 1% risk of failure)
Confirm with . or Enter, or press ? or * to list all spells.
Aiming: Freeze (safe; 1% risk of failure)
Press: ? - help, Shift-Dir - straight line, f/p - jackal
Aim: a jackal (severely wounded)
You freeze the jackal!
You kill the jackal!
The ball python bites you.
* * * LOW HITPOINT WARNING * * *
The ball python constricts you.
You die...

....##..... #.........
#........# #........#
#........##+# #............
#........ #.S......
#@....... #........
########........
#.........######
#.........#
#.........#######
#...............# #######
###...............# #......
#........##.......###.⌠.⌠.⌠


You could see a ball python.

Vanquished Creatures
  3 jackals (D:1)
  A ball python (D:1)
  A frilled lizard (D:1)
5 creatures vanquished.

Notes
Turn   | Place    | Note
-------+----------+-------------------------------------------
     0 | D:1      | Zonian the Gnoll Ice Elementalist began the quest for the
                  | Orb.
     0 | D:1      | Reached XP level 1. HP: 13/13 MP: 6/6
    57 | D:1      | Constricted to death by a ball python

Illustrated notes

Levels and vault maps discovered:
D:1:      mainiacjoe_arrival_reflecting_pool, layout_basic

Action                   || total
-------------------------++-------
Melee: Unarmed           ||     3
       Bite              ||     1
 Cast: Freeze            ||     6
Armor: Robe              ||     2
Dodge: Dodged            ||    15

Table legend: (Time is in decaauts)
 A = Elapsed time spent in this place.
 B = Non-inter-level travel time spent in this place.
 C = Inter-level travel time spent in this place.
 D = Time resting spent in this place.
 E = Time spent auto-exploring this place.
 F = Levels seen in this place.
 G = Mean time per level.
                   A        B        C        D        E       F      G
               +--------+--------+--------+--------+--------+-----+--------+
         Total |     57 |     57 |      0 |      0 |     41 |   1 |   57.0 |
       Dungeon |     57 |     57 |      0 |      0 |     41 |   1 |   57.0 |
               +--------+--------+--------+--------+--------+-----+--------+

Top non-repeatable levels by time:
     D:1: 57 daAuts
